PAA
LANNISTER UNITED LIONHEARTS @ BELVEDERE PARK RAWHIDES
08/02/2023
 
TOP OF THE 1ST
Lannister United Lionhearts batting - Pitching for Belvedere Park Rawhides : LHP Doug Ferguson
Pitching: LHP Doug Ferguson
Batting: LHB Paul Wilson 0-0: SINGLE (Line Drive, 8LS)
Batting: RHB Curt Johnston 0-0: Ball
1-0: Foul Ball, location: 2F
1-1: Foul Ball, location: 2F
1-2: SINGLE (Line Drive, 89S)
Paul Wilson to second
Runner from 2nd tries for 3rd, SAFE, throw made to third
Batting: RHB Edgar Carrillo 0-0: Called Strike
0-1: Ball
1-1: Foul Ball, location: 2F
1-2: Grounds into double play, 6-4-3 (Groundball, 6)
Paul Wilson scores
Batting: SHB Robbie Anderson 0-0: SINGLE (Groundball, 56D)
Batting: LHB Cisco Padilla 0-0: Called Strike
0-1: Foul Ball, location: 2F
0-2: Ball
Robbie Anderson is caught stealing 2nd base
Top of the 1st over - 1 run(s), 3 hit(s), 0 error(s), 0 left on base; Lannister United 1 - Belvedere Park 0
BOTTOM OF THE 1ST
Belvedere Park Rawhides batting - Pitching for Lannister United Lionhearts : RHP Gonçalo Conxacha
Pitching: RHP Gonçalo Conxacha
Batting: SHB Manuel González 0-0: Ball
1-0: Called Strike
1-1: Ball
2-1: SINGLE (Groundball, 4MD)
Batting: RHB Victorino Navarro 0-0: Called Strike
0-1: Foul Ball, location: 2F
0-2: Ball
1-2: Fielders Choice at 2nd, 6-4 (Groundball, 6M)
Batting: RHB Domingo Calderón 0-0: Ball
1-0: Grounds into double play, 5-4-3 (Groundball, 5)
Bottom of the 1st over - 0 run(s), 1 hit(s), 0 error(s), 0 left on base; Lannister United 1 - Belvedere Park 0
TOP OF THE 2ND
Lannister United Lionhearts batting - Pitching for Belvedere Park Rawhides : LHP Doug Ferguson
Batting: LHB Cisco Padilla 0-0: Ball
1-0: Swinging Strike
1-1: Ball
2-1: Ground out 4-3 (Groundball, 4S)
Batting: RHB Fernando Rivera 0-0: Bunt for hit - play at first, batter safe!
Batting: RHB Pedro Herrera 0-0: Called Strike
0-1: Ball
1-1: Foul Ball, location: 2F
1-2: Ball
2-2: Ball
Fernando Rivera is caught stealing 2nd base
3-2: Fly out, F9 (Flyball, 9M)
Top of the 2nd over - 0 run(s), 1 hit(s), 0 error(s), 0 left on base; Lannister United 1 - Belvedere Park 0
BOTTOM OF THE 2ND
Belvedere Park Rawhides batting - Pitching for Lannister United Lionhearts : RHP Gonçalo Conxacha
Batting: LHB Willie Brown 0-0: Foul Ball, location: 2F
0-1: Ball
1-1: SOLO HOME RUN (Flyball, 9LD), Distance : 354 ft
Batting: RHB Danny Penn 0-0: Ball
1-0: Foul Ball, location: 2F
1-1: SOLO HOME RUN (Flyball, 8LXD), Distance : 440 ft
Batting: RHB Jim Burch 0-0: Fly out, F7 (Line Drive, 7LS)
Batting: RHB Pedro Jiménez 0-0: Ground out 5-3 (Groundball, 5L)
Batting: SHB Javier Valle 0-0: Ball
1-0: Ball
2-0: Swinging Strike
2-1: Ball
3-1: Swinging Strike
3-2: Strikes out swinging
Bottom of the 2nd over - 2 run(s), 2 hit(s), 0 error(s), 0 left on base; Lannister United 1 - Belvedere Park 2
TOP OF THE 3RD
Lannister United Lionhearts batting - Pitching for Belvedere Park Rawhides : LHP Doug Ferguson
Batting: LHB Gonzalo Álvarez 0-0: Ball
1-0: Called Strike
1-1: SINGLE (Groundball, 6MD)
Batting: SHB Pedro Alfiche 0-0: Called Strike
0-1: Called Strike
0-2: Ball
1-2: Foul Ball, location: 2F
1-2: Ball
2-2: Ball
3-2: Foul Ball, location: 2F
3-2: Foul Ball, location: 2F
3-2: Fly out, F6 (Line Drive, 6)
3-2: Lined into DP, 6-3 (Line Drive, 6)
Batting: LHB Paul Wilson 0-0: Fly out, F9 (Flyball, 89XD)
Top of the 3rd over - 0 run(s), 1 hit(s), 0 error(s), 0 left on base; Lannister United 1 - Belvedere Park 2
BOTTOM OF THE 3RD
Belvedere Park Rawhides batting - Pitching for Lannister United Lionhearts : RHP Gonçalo Conxacha
Batting: RHB César López 0-0: Called Strike
0-1: Ball
1-1: Ground out 6-3 (Groundball, 6M)
Batting: SHB Manuel González 0-0: Ball
1-0: Ball
2-0: Ball
3-0: Base on Balls
Batting: RHB Victorino Navarro 0-0: Called Strike
Manuel González steals 2nd base
0-1: Fly out, F7 (Line Drive, 8LS)
Batting: RHB Domingo Calderón 0-0: Ball
1-0: Called Strike
1-1: Foul Ball, location: 2F
1-2: Strikes out swinging
Bottom of the 3rd over - 0 run(s), 0 hit(s), 0 error(s), 1 left on base; Lannister United 1 - Belvedere Park 2
TOP OF THE 4TH
Lannister United Lionhearts batting - Pitching for Belvedere Park Rawhides : LHP Doug Ferguson
Batting: RHB Curt Johnston 0-0: Ball
1-0: Called Strike
1-1: Ball
2-1: Swinging Strike
2-2: Ball
3-2: Base on Balls
Batting: RHB Edgar Carrillo 0-0: Ball
Curt Johnston is caught stealing 2nd base
1-0: Called Strike
1-1: Fly out, F6 (Popup, 4MS)
Batting: SHB Robbie Anderson 0-0: Ball
1-0: Ball
2-0: Ball
3-0: Base on Balls
Batting: LHB Cisco Padilla 0-0: Ball
1-0: Called Strike
1-1: Ball
2-1: Fly out, F9 (Flyball, 9M)
Top of the 4th over - 0 run(s), 0 hit(s), 0 error(s), 1 left on base; Lannister United 1 - Belvedere Park 2
BOTTOM OF THE 4TH
Belvedere Park Rawhides batting - Pitching for Lannister United Lionhearts : RHP Gonçalo Conxacha
Batting: LHB Willie Brown 0-0: Ball
1-0: Swinging Strike
1-1: Ball
2-1: Ball
3-1: Base on Balls
Batting: RHB Danny Penn 0-0: Swinging Strike
0-1: Ball
1-1: DOUBLE (Flyball, 8RXD)
Willie Brown to third
Batting: RHB Jim Burch 0-0: Called Strike
0-1: Foul Ball, location: 2F
0-2: Ball
1-2: Strikes out swinging
Batting: RHB Pedro Jiménez 0-0: Ball
1-0: Ball
2-0: Foul Ball, location: 2F
2-1: Ball
3-1: Fly out, F4 (Popup, 4D)
Batting: SHB Javier Valle 0-0: Ball
1-0: Called Strike
1-1: Ball
2-1: Ground out 6-3 (Groundball, 6)
Bottom of the 4th over - 0 run(s), 1 hit(s), 0 error(s), 2 left on base; Lannister United 1 - Belvedere Park 2
TOP OF THE 5TH
Lannister United Lionhearts batting - Pitching for Belvedere Park Rawhides : LHP Doug Ferguson
Batting: RHB Fernando Rivera 0-0: SINGLE (Groundball, 56)
Batting: RHB Pedro Herrera 0-0: Ball
1-0: Bunted foul
1-1: Sac Bunt - play at first, batter OUT! U3
Fernando Rivera to second
Batting: LHB Gonzalo Álvarez 0-0: DOUBLE (Line Drive, 89D)
Fernando Rivera scores
Batting: SHB Pedro Alfiche 0-0: Fly out, F8 (Flyball, 8LM)
Batting: LHB Paul Wilson 0-0: Called Strike
0-1: Hit by Pitch
Batting: RHB Curt Johnston 0-0: Called Strike
0-1: Ball
1-1: Swinging Strike
1-2: Ball
2-2: Ground out 5-3 (Groundball, 56S)
Top of the 5th over - 1 run(s), 2 hit(s), 0 error(s), 2 left on base; Lannister United 2 - Belvedere Park 2
BOTTOM OF THE 5TH
Belvedere Park Rawhides batting - Pitching for Lannister United Lionhearts : RHP Gonçalo Conxacha
Batting: RHB César López 0-0: Ground out 6-3 (Groundball, 6)
Batting: SHB Manuel González 0-0: Called Strike
0-1: Swinging Strike
0-2: Ground out 5-3 (Groundball, 5)
Batting: RHB Victorino Navarro 0-0: Foul Ball, location: 2F
0-1: Swinging Strike
0-2: Strikes out swinging
Bottom of the 5th over - 0 run(s), 0 hit(s), 0 error(s), 0 left on base; Lannister United 2 - Belvedere Park 2
TOP OF THE 6TH
Lannister United Lionhearts batting - Pitching for Belvedere Park Rawhides : LHP Doug Ferguson
Batting: RHB Edgar Carrillo 0-0: Called Strike
0-1: Ball
1-1: Ball
2-1: Foul Ball, location: 2F
2-2: Strikes out swinging
Batting: SHB Robbie Anderson 0-0: Called Strike
0-1: Ground out 6-3 (Groundball, 6MS)
Batting: LHB Cisco Padilla 0-0: Called Strike
0-1: Ground out U3 (Groundball, 3)
Top of the 6th over - 0 run(s), 0 hit(s), 0 error(s), 0 left on base; Lannister United 2 - Belvedere Park 2
BOTTOM OF THE 6TH
Belvedere Park Rawhides batting - Pitching for Lannister United Lionhearts : RHP Gonçalo Conxacha
Batting: RHB Domingo Calderón 0-0: Fly out, F3 (Popup, 3DF)
Batting: LHB Willie Brown 0-0: Called Strike
0-1: Ball
1-1: Ball
2-1: Ball
3-1: Base on Balls
Pitching: RHP José Padilla
Batting: RHB Danny Penn 0-0: Foul Ball, location: 2F
0-1: Ball
1-1: Fly out, F8 (Flyball, 8RM)
Batting: RHB Jim Burch 0-0: Ball
1-0: Foul Ball, location: 2F
1-1: Hit by Pitch
Willie Brown to second
Batting: RHB Pedro Jiménez 0-0: Ball
1-0: Ball
2-0: Ball
3-0: Base on Balls
Willie Brown to third
Jim Burch to second
Batting: SHB Javier Valle 0-0: Fly out, F8 (Flyball, 8LM)
Bottom of the 6th over - 0 run(s), 0 hit(s), 0 error(s), 3 left on base; Lannister United 2 - Belvedere Park 2
TOP OF THE 7TH
Lannister United Lionhearts batting - Pitching for Belvedere Park Rawhides : LHP Doug Ferguson
Batting: RHB Fernando Rivera 0-0: Ball
1-0: Called Strike
1-1: Ball
2-1: Swinging Strike
2-2: Strikes out looking
Batting: RHB Pedro Herrera 0-0: Ball
1-0: SINGLE (Line Drive, 8RS)
Pinch Hitting: SHB Mitch Qualtrough 0-0: Swinging Strike
0-1: Called Strike
0-2: Foul Ball, location: 2F
0-2: Strikes out swinging
Batting: SHB Pedro Alfiche 0-0: Swinging Strike
0-1: Called Strike
0-2: Strikes out swinging
Top of the 7th over - 0 run(s), 1 hit(s), 0 error(s), 1 left on base; Lannister United 2 - Belvedere Park 2
BOTTOM OF THE 7TH
Belvedere Park Rawhides batting - Pitching for Lannister United Lionhearts : RHP José Padilla
Now in RF: Mitch Qualtrough
Pinch Hitting: SHB Greg Henderson 0-0: Ball
1-0: Ball
2-0: Ball
3-0: Base on Balls
Pinch Hitting: RHB Tom Strickland 0-0: Ball
1-0: Bunted foul
1-1: Sac Bunt - play at first, batter OUT! 3-4
Greg Henderson to second
Batting: RHB Victorino Navarro 0-0: Called Strike
0-1: Ball
1-1: Swinging Strike
1-2: Foul Ball, location: 2F
1-2: Ground out 4-3 (Groundball, 4)
Greg Henderson to third
Batting: RHB Domingo Calderón 0-0: Ground out 6-3 (Groundball, 6S)
Bottom of the 7th over - 0 run(s), 0 hit(s), 0 error(s), 1 left on base; Lannister United 2 - Belvedere Park 2
TOP OF THE 8TH
Lannister United Lionhearts batting - Pitching for Belvedere Park Rawhides : LHP Doug Ferguson
Now at SS: Juan Barbán
Now in LF: Greg Henderson
Pinch Hitting: LHB Gabriel Córdova 0-0: Ball
1-0: Ball
2-0: Ball
3-0: Called Strike
3-1: SINGLE (Line Drive, 7LS)
Pitching: LHP Jeffrey Little
Batting: RHB Curt Johnston 0-0: Ball
1-0: Ball
2-0: Sac Bunt - play at first, batter OUT! 1-4
Gabriel Córdova to second
Batting: RHB Edgar Carrillo 0-0: SINGLE (Line Drive, 4M)
Gabriel Córdova to third
Runner from 3rd tries for Home, throw and OUT!
Batting: SHB Robbie Anderson 0-0: Fly out, F7 (Flyball, 78D)
Top of the 8th over - 0 run(s), 2 hit(s), 0 error(s), 1 left on base; Lannister United 2 - Belvedere Park 2
BOTTOM OF THE 8TH
Belvedere Park Rawhides batting - Pitching for Lannister United Lionhearts : RHP José Padilla
Now in CF: Propsero Lavin
Batting: LHB Willie Brown 0-0: Called Strike
0-1: Ball
1-1: Ball
2-1: Swinging Strike
2-2: Ball
3-2: Base on Balls
Batting: RHB Danny Penn 0-0: Ball
1-0: Ball
2-0: Called Strike
2-1: Called Strike
2-2: Ball
3-2: Base on Balls
Willie Brown to second
Batting: RHB Jim Burch 0-0: Fly out, F8 (Popup, 4MD)
Batting: RHB Pedro Jiménez 0-0: Called Strike
0-1: Called Strike
0-2: Fly out, F4 (Line Drive, 4)
Pinch Hitting: LHB Manny Hernández 0-0: Ball
1-0: Swinging Strike
1-1: 3-RUN HOME RUN (Flyball, 9D), Distance : 371 ft
Pitching: LHP Alexis Weaver
Batting: SHB Greg Henderson 0-0: Foul Ball, location: 2F
0-1: Ground out 6-3 (Groundball, 6M)
Bottom of the 8th over - 3 run(s), 1 hit(s), 0 error(s), 0 left on base; Lannister United 2 - Belvedere Park 5
TOP OF THE 9TH
Lannister United Lionhearts batting - Pitching for Belvedere Park Rawhides : LHP Jeffrey Little
Pitching: RHP Aaron O'Neill
Now in LF: Manny Hernández
Batting: LHB Cisco Padilla 0-0: Ball
1-0: Swinging Strike
1-1: Ball
2-1: Ball
3-1: Foul Ball, location: 2F
3-2: Foul Ball, location: 2F
3-2: Base on Balls
Batting: RHB Fernando Rivera 0-0: Called Strike
0-1: Ball
1-1: Ball
2-1: Ball
3-1: Fly out, F7 (Line Drive, 7M)
Batting: RHB Pedro Herrera 0-0: Called Strike
0-1: Fielders Choice at 2nd, 6-4 (Groundball, 6M)
Batting: SHB Mitch Qualtrough 0-0: Called Strike
0-1: Ball
1-1: Ball
2-1: Ball
3-1: Base on Balls
Pedro Herrera to second
Pinch Hitting: LHB Jerry Wilson 0-0: Swinging Strike
0-1: Foul Ball, location: 2F
0-2: Ball
1-2: Ground out 4-3 (Groundball, 4)
Top of the 9th over - 0 run(s), 0 hit(s), 0 error(s), 2 left on base; Lannister United 2 - Belvedere Park 5
This league is powered by Out of the Park Baseball, the baseball management simulation game for PC, Mac and Linux
Friday, July 8th, 2016 - OOTP Baseball 16.9 Build 39